 Dungeon Crawl Stone Soup version 0.23-a0-329-g6f3f904 (webtiles) character file.

49 galech the Skirmisher (level 3, -2/29 HPs)
             Began as a Demonspawn Fighter on Oct 16, 2018.
             Killed from afar by Natasha (3 damage)
             ... with a magic dart
             ... on level 2 of the Dungeon.
             The game lasted 00:01:23 (1237 turns).

galech the Skirmisher (Demonspawn Fighter)          Turns: 1237, Time: 00:01:24

Health: -2/29      AC:  8    Str: 16    XL:     3   Next: 51%
Magic:  3/3        EV:  7    Int:  9    God:
Gold:   70         SH:  8    Dex: 13    Spells: 2/2 levels left

rFire    . . .     SeeInvis .   a - +0 war axe
rCold    . . .     Gourm    .   c - +0 shield
rNeg     . . .     Faith    .   b - +0 scale mail
rPois    .         Spirit   .   (no helmet)
rElec    .         Reflect  .   (no cloak)
rCorr    .         Harm     .   (no gloves)
MR       .....                  (no boots)
Stlth    ..........             (no amulet)
HPRegen  0.09/turn              (no ring)
MPRegen  0.08/turn              (no ring)

@: no status effects
A: iridescent scales 1, rot immunity
a: no special abilities


You were on level 2 of the Dungeon.
You were not hungry.

You visited 1 branch of the dungeon, and saw 2 of its levels.

You collected 70 gold pieces.

Inventory:

Hand Weapons
 a - a +0 war axe (weapon)
Armour
 b - a +0 scale mail (worn)
 c - a +0 shield (worn)
Jewellery
 l - a +5 ring of dexterity {unknown}
Scrolls
 e - a scroll of enchant armour {unknown}
 g - a scroll of teleportation {unknown}
 j - a scroll of noise {unknown}
 k - a scroll of identify {unknown}
Potions
 d - a potion of might
 i - 3 potions of curing {unknown}
Comestibles
 f - 4 rations
 h - 12 chunks of flesh


   Skills:
 + Level 3.4 Fighting
 + Level 2.3 Axes
 + Level 3.2 Armour
 + Level 0.3 Dodging
 + Level 2.9 Shields


You had 2 spell levels left.
You didn't know any spells.
Your spell library was empty.

Dungeon Overview and Level Annotations

Branches:
Dungeon (2/15)

Altars:

Annotations:
D:2 Natasha


Innate Abilities, Weirdness & Mutations

You are partially covered in iridescent scales. (AC +2)
You are immune to rotting.


Message History

You resist with significant effort.
You barely miss Natasha.
Natasha is almost dead.
Natasha claws you.
* * * LOW HITPOINT WARNING * * *
The crimson imp blinks!
Natasha stares at you and mumbles some strange words.
The magic dart hits you!
* * * LOW HITPOINT WARNING * * *
You closely miss Natasha.
Natasha is almost dead.
The crimson imp blinks!
Natasha claws you but does no damage.
You miss Natasha.
Natasha is almost dead.
Natasha claws you.
* * * LOW HITPOINT WARNING * * *
The crimson imp blinks!
Natasha casts a spell at you. The magic dart hits you!
You die...

#....# ....# .?.)####
....§.# ......# #...#.#
# ##.... #h#...#.#
......##### #@.....5.
#.........####....§...
#......##.#...........
###......##.#...........
.........#..............
.....#........###.......
.....#.(.)..# .......
##.#.#.#(.....# #######
#.....(.##....#


You could see Natasha and a crimson imp.

Vanquished Creatures
  2 dart slugs (D:1)
  A leopard gecko (D:1)
  A ball python (D:1)
  3 bats (D:1)
  A giant cockroach (D:2)
  13 goblins
  3 hobgoblins (D:1)
  5 kobolds
  4 frilled lizards
  5 rats
38 creatures vanquished.

Notes
Turn   | Place    | Note
-------+----------+-------------------------------------------
     0 | D:1      | galech the Demonspawn Fighter began the quest for the Orb.
     0 | D:1      | Reached XP level 1. HP: 18/18 MP: 1/1
   158 | D:1      | Gained mutation: You are partially covered in iridescent
                  | scales. (AC +2) [demonic ancestry]
   158 | D:1      | Reached XP level 2. HP: 23/24 MP: 2/2
   524 | D:1      | Gained mutation: You are immune to rotting. [demonic
                  | ancestry]
   524 | D:1      | Reached XP level 3. HP: 28/29 MP: 3/3
  1218 | D:2      | Noticed Natasha
  1237 | D:2      | HP: 1/29 [Natasha (1)]
  1237 | D:2      | Killed from afar by Natasha

Vault maps used:
D:1:      sevenhm_arrival_forest_fort_small_4, serial_bayou_lake_a
D:2:      first_ration, cheibrodos_gnoll_hut, uniq_natasha

Skill      XL: |  1  2 |
---------------+-------+-----
Armour         | 3 |  3.2
Axes           | 2 |  2.3
Fighting       | |  3.4
Dodging        | |  0.3
Shields        | |  2.9

Action                   || total
-------------------------++-------
Melee: War axe           ||   128
  Eat: Chunk             ||     1
Armor: Scale mail        ||    54
Dodge: Dodged            ||    35
Block: Shield            ||    52

Table legend:
 A = Non-vault XP
 B = Vault XP
 C = Vault XP percentage of total XP
 D = Non-vault monster count
 E = Vault monster count
 F = Vault count percentage of total count
                 A         B        C        D         E       F
            +---------+---------+-------+---------+---------+-------
      Total |      70 |       0 |   0.0 |      38 |       0 |   0.0
            +---------+---------+-------+---------+---------+-------
        D:1 |      50 |       0 |   0.0 |      27 |       0 |   0.0
        D:2 |      20 |       0 |   0.0 |      11 |       0 |   0.0
            +---------+---------+-------+---------+---------+-------
